 Dungeon Crawl Stone Soup version 0.27.1-34-g3ba077fa99 (webtiles) character file.

Game seed: 13507231589173140653

261 sankara the Changer (level 5, -3/40 HPs)
             Began as a Draconian Transmuter on Jan 28, 2022.
             Slain by a kobold brigand (4 damage)
             ... on level 3 of the Dungeon.
             The game lasted 00:05:35 (4078 turns).

sankara the Changer (Draconian Transmuter)          Turns: 4078, Time: 00:05:35

Health: -3/40      AC:  2    Str: 13    XL:     5   Next: 96%
Magic:  6/8        EV: 19    Int: 13    God:
Gold:   136        SH:  0    Dex: 17    Spells: 2/8 levels left

rFire    . . .     SeeInvis .     - Unarmed
rCold    . . .     Faith    .   (shield currently unavailable)
rNeg     . . .     Spirit   .   (armour unavailable)
rPois    x         Reflect  .   (helmet currently unavailable)
rElec    .         Harm     .   (cloak currently unavailable)
rCorr    .         Rampage  .   (gloves currently unavailable)
Will     .....                  (boots currently unavailable)
Stlth    ++........             (no amulet)
HPRegen  0.13/turn              (no ring)
MPRegen  0.11/turn              (no ring)

@: spider-form (expiring)
A: venomous fangs, AC +5, tiny, unfitting armour, (cold-blooded)
a: End Transformation


You were on level 3 of the Dungeon.
You were a venomous arachnid creature.
You visited 1 branch of the dungeon, and saw 3 of its levels.

You collected 136 gold pieces.

Inventory:

Missiles
 a - 263 stones
Armour
 d - a +0 pair of boots (melded)
Magical Staves
 j - a staff of air
Scrolls
 c - a scroll of blinking {unknown}
 g - 2 scrolls of holy word {unknown}
 h - a scroll of brand weapon {unknown}
 k - a scroll of noise {unknown}
 l - a scroll of identify {unknown}
Potions
 b - 2 potions of curing {unknown}
 e - a potion of degeneration {unknown}
 f - a potion of brilliance {unknown}
 i - 2 potions of flight {unknown}


   Skills:
 - Level 1.1 Fighting
 - Level 1.7 Dodging
 + Level 4.3 Unarmed Combat
 - Level 2.0 Spellcasting
 * Level 4.4 Transmutations
 * Level 2.9 Poison Magic


You had 2 spell levels left.
You knew the following spells:

 Your Spells              Type           Power      Damage    Failure   Level
a - Beastly Appendage     Tmut           24%        N/A       13%         1
b - Wereblood             Tmut           12%        N/A       17%         2
c - Spider Form           Tmut/Pois      5%         N/A       36%         3

Your spell library contained the following spells:

 Spells                   Type           Power      Damage    Failure   Level
 Ice Form                 Ice/Tmut       7%         N/A       87%         4


Dungeon Overview and Level Annotations

Branches:
Dungeon (3/15)

Altars:

Shops:
D:2 [


Innate Abilities, Weirdness & Mutations

You are a venomous arachnid creature.
You have poisonous fangs.
You are tiny and dextrous.
Your spellcasting is less reliable in this form.
Your armour is entirely melded.
You are incapable of wielding weapons or throwing items.
((Your plain brown scales are hard. (AC +5)))
You cannot fit into any form of body armour.
((You are cold-blooded and may be slowed by cold attacks.))


Message History

The gnoll hits you with a +0 spear.
* * * LOW HITPOINT WARNING * * *
The kobold brigand hits you with a +0 short sword!
* * * LOW HITPOINT WARNING * * *
The kobold hits you but does no damage.
Things that are here:
a +0 club; a kobold corpse The gnoll completely misses you.
Your transformation has ended.
Your +0 pair of boots unmelds from your body.
The gnoll hits you but does no damage.
The kobold brigand looks more healthy.
There is an open door here.
The gnoll looks more healthy.
Casting: Spider Form (quite dangerous; 17% risk of failure)
Confirm with . or Enter, or press ? or * to list all spells.
The spell is quite dangerous to cast (17% risk of failure)!
Continue anyway?
You turn into a venomous arachnid creature.
Your +0 pair of boots melds into your body.
The gnoll hits you from afar with a +0 spear.
* * * LOW HITPOINT WARNING * * *
Unknown command.
There is an open door here.
The gnoll misses you.
You bite the gnoll!
You kill the gnoll!
The kobold brigand throws a curare-tipped dart.
The curare-tipped dart misses you.
Your transformation is almost over.
The kobold brigand misses you.
You hit the kobold brigand.
The kobold brigand is poisoned.
The kobold brigand is severely wounded.
The kobold brigand hits you with a +0 short sword.
* * * LOW HITPOINT WARNING * * *
Unknown command.
You hit the kobold.
The kobold is poisoned.
The kobold is severely wounded.
You kill the kobold!
The kobold brigand hits you with a +0 short sword.
You die...

####################
#....#......)#.....##
#....#......)'......#
#####....#########.......
...#......#.......÷......
..'......'..............
.#....)K#.......)).....
##...s#########.......
#....#.......)......#
#....#.......#.....##
#############''#################
≈≈≈≈≈≈≈≈≈≈≈≈....≈≈≈≈≈≈≈≈≈≈≈≈≈≈≈≈
≈≈≈≈≈≈≈≈≈≈≈≈.....≈≈≈≈≈≈≈≈≈≈≈≈≈≈≈
≈≈≈≈≈≈≈≈≈≈≈.....≈≈≈≈≈≈≈≈≈≈≈≈≈≈≈≈
≈≈.≈≈≈≈≈≈≈.......≈..≈.≈≈≈≈≈.≈≈≈.
................................


You could see a kobold brigand (very poisoned).

Vanquished Creatures
  An ogre (D:3)
  2 orc wizards (D:3)
  4 gnolls (D:3)
  An adder (D:2)
  A worm (D:3)
  2 dart slugs
  5 orcs
  4 ball pythons
  6 bats
  4 endoplasms
  A giant cockroach (D:2)
  6 goblins
  3 hobgoblins
  2 frilled lizards (D:3)
  25 kobolds
  7 rats
74 creatures vanquished.

Notes
Turn   | Place    | Note
-------+----------+-------------------------------------------
     0 | D:1      | sankara the Draconian Transmuter began the quest for the
                  | Orb.
     0 | D:1      | Reached XP level 1. HP: 16/16 MP: 3/3
   230 | D:1      | Reached XP level 2. HP: 20/23 MP: 3/5
   805 | D:2      | Reached XP level 3. HP: 26/28 MP: 4/6
   808 | D:2      | Learned a level 2 spell: Wereblood
   812 | D:2      | Learned a level 3 spell: Spider Form
  1152 | D:2      | Found Umnen's Antique Armour Shoppe.
  1592 | D:2      | Found a faded altar of an unknown god.
  2957 | D:3      | Reached skill level 1 in Poison Magic
  2957 | D:3      | Reached XP level 4. HP: 33/35 MP: 1/7
  3526 | D:3      | Noticed an ogre
  3544 | D:3      | Killed an ogre
  3545 | D:3      | Reached XP level 5. HP: 24/40 MP: 5/8
  4077 | D:3      | HP: 1/40 [kobold brigand (4)]
  4078 | D:3      | Slain by a kobold brigand

Illustrated notes

Levels and vault maps discovered:
D:1:      amcnicky_arrival_blooded_trapdoor, layout_rooms, dk_noncrumbling_3
D:2:      layout_basic, serial_shops, nicolae_shop_stone, serial_glass,
          glass_columns_c, glass_columns_a,
          chequers_ecumenical_altar_simple_redux
D:3:      minmay_goblin_kobold_castle, layout_loops_ring,
          serial_co_window_serial, co_window_paths_a, co_window_corner_a,
          co_window_corner_a, co_window_paths_b, co_window_paths_a,
          co_window_corner_a, co_window_paths_a, co_window_corner_a,
          co_window_paths_a, co_window_unsneaky_path_b, co_window_corner_cb,
          co_window_corner_b, co_window_broadway_a, co_window_of_opportunity_b,
          co_window_corner_b, glass_columns_b, glass_columns_b

Skill      XL: |  1  2  3  4 |
---------------+-------------+-----
Transmutations | 3 4 |  4.4
Poison Magic   | 1 2 |  2.9
Unarmed Combat | 4 |  4.3
Fighting       | |  1.1
Dodging        | |  1.7
Spellcasting   | |  2.0

Action                   |  1- 3 |  4- 6 || total
-------------------------+-------+-------++-------
Melee: Unarmed           |    94 |    80 ||   174
       Kick              |     7 |       ||     7
       Headbutt          |     5 |       ||     5
       Tailslap          |     2 |     1 ||     3
 Cast: Beastly Appendage |    13 |       ||    13
       Spider Form       |    13 |    13 ||    26
 Stab: Sleeping          |     1 |       ||     1
Armor: Skin              |    21 |    14 ||    35
Dodge: Dodged            |    57 |    86 ||   143
